 Dungeon Crawl Stone Soup version 0.21-a0-1-gaf3b9a5 (webtiles) character file.

324 Monsterracer the Slasher (level 6, -9/47 HPs)
             Began as a Barachi Gladiator on May 20, 2017.
             Killed by divine providence
             ... invoked by an orc priest
              (12 damage)
             ... on level 3 of the Dungeon.
             The game lasted 00:07:57 (3199 turns).

Monsterracer the Slasher (Barachi Gladiator)        Turns: 3199, Time: 00:07:57

Health: -9/47      AC:  7    Str: 15    XL:     6   Next: 48%
Magic:  0/6        EV: 11    Int:  9    God:
Gold:   159        SH:  0    Dex: 15    Spells: 5/5 levels left

rFire    . . .     SeeInvis +   a - +0 long sword
rCold    . . .     Gourm    .   (no shield)
rNeg     . . .     Faith    .   g - +0 scale mail
rPois    .         Spirit   .   c - +0 helmet
rElec    .         Reflect  .   (no cloak)
rCorr    .         Harm     .   (no gloves)
MR       +....                  (no boots)
Stlth    ..........             (no amulet)
Regen    0.2/turn               e - ring of protection from magic
MPRegen  0.1/turn               m - ring of see invisible

@: very slightly contaminated, invisible, slow
A: +LOS, swims, slowness 1, strong legs 1
a: Hop


You were on level 3 of the Dungeon.
You were not hungry.

You visited 1 branch of the dungeon, and saw 3 of its levels.

You collected 159 gold pieces.

Inventory:

Hand Weapons
 a - a +0 long sword (weapon)
Missiles
 b - 51 stones (quivered)
 d - 3 throwing nets
Armour
 c - a +0 helmet (worn)
 g - a +0 scale mail (worn)
Jewellery
 e - a ring of protection from magic (left hand)
 m - a ring of see invisible (right hand)
Scrolls
 h - a scroll of recharging {unknown}
 k - a scroll of random uselessness {unknown}
 l - a scroll of enchant weapon {unknown}
 p - 2 scrolls of fear {unknown}
Potions
 i - a potion of curing
 j - a potion of invisibility
Comestibles
 f - 4 bread rations
 n - a royal jelly
 o - 2 chunks of flesh


   Skills:
 + Level 3.0 Fighting
 * Level 7.7 Long Blades
 + Level 2.1 Throwing
 + Level 1.7 Armour
 + Level 3.6 Dodging


You had 5 spell levels left.
You didn't know any spells.

Dungeon Overview and Level Annotations

Branches:
Dungeon (3/15)

Altars:
Vehumet
Xom
Zin


Innate Abilities, Weirdness & Mutations

Shadows flee at your approach. (+LOS)
You can swim through water.
You cover ground slowly.
You can hop short distances.


Message History

Unknown command.
The orc priest hits you with an antimagic hand axe.
* * * LOW HITPOINT WARNING * * *
You feel your power leaking away.
You see here a tomahawk.
Unknown command.
You hit the orc priest but do no damage.
The orc priest is lightly wounded.
You are ready to hop once more.
The orc priest looks encouraged for a moment.
Unknown command.
You closely miss the orc priest.
The orc priest is lightly wounded.
The orc priest hits you but does no damage.
Unknown command.
You slash the orc priest!
The orc priest is severely wounded.
The orc priest calls down the wrath of Beogh upon you.
Beogh smites you!
You die...

.....##.##..!≈≈≈≈≈≈≈≈≈≈..
............≈≈≈≈≈≈≈≈≈≈.≈?#
.....##.#.(≈≈≈≈≈≈≈≈≈≈≈...#
...####.###.≈≈≈≈≈.≈≈≈≈...#
##.# #.....≈≈≈≈$_≈≈≈≈≈...
#.####..##≈≈≈≈≈♣♣.≈≈≈.≈..
#...#)..##..≈≈≈≈≈≈≈≈≈....
####.#.#.##.≈≈≈≈≈≈≈≈≈≈....
.........##≈.≈≈)@≈≈≈≈≈....
.......#.....≈.≈o))≈≈≈≈...
.#####........≈≈≈...≈.....
.......##.......##........
..####.......... ........
...# #####...... ........
#..# #.####. ........
#..#######.# .. ........
.#......... .# ........


You could see an orc priest.

Vanquished Creatures
  The ghost of Gorglomux the Skirmisher, an amateur OgSk (D:3)
  An orc priest (D:3)
  Terence (D:2)
  Natasha (twice) (D:2)
  3 adders
  An ooze (D:2)
  A worm (D:2)
  A dart slug (D:1)
  2 leopard geckos (D:2)
  6 orcs (D:3)
  6 giant cockroaches
  8 goblins
  9 hobgoblins
  8 jackals
  A ball python (D:1)
  4 bats
  9 frilled lizards
  8 kobolds
  6 rats
78 creatures vanquished.

Notes
Turn   | Place    | Note
-------+----------+-------------------------------------------
     0 | D:1      | Monsterracer the Barachi Gladiator began the quest for the Orb.
     0 | D:1      | Reached XP level 1. HP: 17/17 MP: 1/1
   119 | D:1      | Reached skill level 4 in Long Blades
   243 | D:1      | Reached XP level 2. HP: 22/23 MP: 2/2
   618 | D:1      | Reached XP level 3. HP: 27/28 MP: 3/3
   683 | D:1      | Reached skill level 5 in Long Blades
  1163 | D:2      | Noticed Natasha
  1172 | D:2      | Killed Natasha
  1172 | D:2      | Reached XP level 4. HP: 11/34 MP: 4/4
  1387 | D:2      | Reached skill level 6 in Long Blades
  1443 | D:2      | Noticed Natasha
  1454 | D:2      | Killed Natasha
  2051 | D:2      | Reached XP level 5. HP: 37/39 MP: 5/5
  2117 | D:2      | Noticed Terence
  2163 | D:2      | Killed Terence
  2163 | D:2      | Reached skill level 7 in Long Blades
  2502 | D:2      | Found a radiant altar of Vehumet.
  2708 | D:3      | Found a shimmering altar of Xom.
  2708 | D:3      | Noticed an angel
  2709 | D:3      | Found a glowing silver altar of Zin.
  2767 | D:3      | Noticed Gorglomux's ghost (amateur OgSk)
  2935 | D:3      | Killed Gorglomux's ghost
  2935 | D:3      | Reached skill level 1 in Armour
  2935 | D:3      | Reached XP level 6. HP: 32/46 MP: 6/6
  3174 | D:3      | Found a faded altar of an unknown god.
  3196 | D:3      | HP: 2/47 [orc priest/antimagic hand axe (5)]
  3199 | D:3      | Killed from afar by an orc priest

Vault maps used:
D:1:      lightli_arrival_isolated_outpost, hangedman_feature_mirror,
          minmay_misc_feat_tower
D:2:      marbit_many_paths, uniq_terence, uniq_natasha
D:3:      grunt_temple_overflow_order_and_chaos_1,
          chequers_ecumenical_altar_island

Skill      XL: |  1  2  3  4  5  6 |
---------------+-------------------+-----
Long Blades    | 4 5 6 7 |  7.7
Armour         | 1 |  1.7
Fighting       | 3 |  3.0
Throwing       | |  2.1
Dodging        | |  3.6

Action                   |  1- 3 |  4- 6 || total
-------------------------+-------+-------++-------
Melee: Long sword        |   102 |   180 ||   282
Throw: Stone             |    13 |     5 ||    18
       Throwing net      |     2 |       ||     2
 Abil: Hop               |       |     2 ||     2
  Use: Potion            |     2 |     2 ||     4
 Stab: Held in net/web   |     2 |       ||     2
  Eat: Chunk             |     1 |     8 ||     9
Armor: Leather armour    |     6 |       ||     6
       Scale mail        |    38 |    69 ||   107
Dodge: Dodged            |    66 |   100 ||   166
       Rpst.: Long sword |    20 |    29 ||    49
